 Dungeon Crawl Stone Soup version 0.29.1-1-gd02db6906a (webtiles) character file.

Game seed: 11949057916953019607

173 hikkokomori the Digger (level 5, -12/32 HPs)
             Began as a Gargoyle Earth Elementalist on Oct 6, 2022.
             Mangled by an ogre
             ... wielding a +0 giant spiked club
              (25 damage)
             ... on level 4 of the Dungeon.
             The game lasted 00:05:09 (2558 turns).

hikkokomori the Digger (GrEE)                       Turns: 2558, Time: 00:05:11

Health: -12/32     AC:  8    Str: 11    XL:     5   Next: 53%
Magic:  4/8        EV: 11    Int: 18    God:
Gold:   151        SH:  0    Dex: 10    Spells: 4/8 levels left

rFire   . . .      SeeInvis .   p - +2 quarterstaff (spect)
rCold   . . .      Faith    .   (shield currently unavailable)
rNeg    + . .      Spirit   .   a - +0 robe
rPois   ∞          Reflect  .   o - +2 hat
rElec   +          Harm     .   (no cloak)
rCorr   .          Rampage  .   (no gloves)
Will    .....                   (no boots)
Stlth   ++........              (no amulet)
HPRegen 0.10/turn               (no ring)
MPRegen 0.11/turn               (no ring)

@: no status effects
A: sickness immunity, AC +4, negative energy resistance 1, electricity
resistance, torment resistance 1, petrification resistance
a: no special abilities


You were on level 4 of the Dungeon.
You visited 1 branch of the dungeon, and saw 4 of its levels.

You collected 151 gold pieces.

Inventory:

Hand Weapons
 d - a +0 club
 h - a +0 rapier
 j - a +0 scimitar
 k - a +1 vampiric whip
 p - a +2 spectral quarterstaff (weapon)
Armour
 a - a +0 robe (worn)
 o - a +2 hat (worn)
Magical Staves
 f - a staff of fire
Scrolls
 i - a scroll of teleportation
 m - a scroll of identify {unknown}
 n - a scroll of summoning {unknown}
Potions
 b - 2 potions of magic
 c - a potion of flight {unknown}
 e - 4 potions of curing {unknown}
 g - a potion of lignification {unknown}
 l - a potion of degeneration {unknown}


   Skills:
 + Level 3.5 Fighting
 - Level 1.5 Dodging
 - Level 2.1 Stealth
 - Level 2.0 Spellcasting
 + Level 1.3 Conjurations
 - Level 0.7 Transmutations
 + Level 5.6 Earth Magic


You had 4 spell levels left.
You knew the following spells:

 Your Spells              Type           Power      Damage    Failure   Level
a - Sandblast             Erth           44%        2d11      1%          1
b - Stone Arrow           Conj/Erth      28%        3d8       13%         3

Your spell library contained the following spells:

 Spells                   Type           Power      Damage    Failure   Level
 Passwall                 Tmut/Erth      10%        N/A       8%          2
 Petrify                  Tmut/Erth      13%        N/A       43%         4


Dungeon Overview and Level Annotations

Branches:
Dungeon (4/15)
 Temple: D:4-7

Altars:

Annotations:
D:3 Grinder, Terence


Innate Abilities, Weirdness & Mutations

You are immune to sickness and miasma.
Your stone body is resilient. (AC +4)
You are immune to poison.
You resist negative energy. (rN+)
You are resistant to electric shocks. (rElec)
You are resistant to unholy torment.
You are immune to petrification.


Message History

You closely miss the goblin.
Your +2 spectral quarterstaff hits the goblin!
You kill the goblin!
The ogre hits you with a +0 giant spiked club!!
Ouch! That really hurt!
Casting: Sandblast (safe; 1% risk of failure)
Confirm with . or Enter, or press ? or * to list all spells.
Aiming: Sandblast (safe; 1% risk of failure)
Press: ? - help, Shift-Dir - straight line, f - ogre
Aim: an ogre, wielding a +0 giant spiked club (92% to hit)
The blast of sand hits the ogre.
The ogre is lightly wounded.
The ogre barely misses you.
Unknown command.
Casting: Sandblast (safe; 1% risk of failure)
Confirm with . or Enter, or press ? or * to list all spells.
Aiming: Sandblast (safe; 1% risk of failure)
Press: ? - help, Shift-Dir - straight line, f/p - ogre
Aim: an ogre, wielding a +0 giant spiked club (lightly wounded, 92% to hit)
The blast of sand hits the ogre!
The ogre is heavily wounded.
The ogre barely misses you.
Unknown command.
Casting: Sandblast (safe; 1% risk of failure)
Confirm with . or Enter, or press ? or * to list all spells.
Aiming: Sandblast (safe; 1% risk of failure)
Press: ? - help, Shift-Dir - straight line, f/p - ogre
Aim: an ogre, wielding a +0 giant spiked club (heavily wounded, 92% to hit)
The blast of sand misses the ogre.
The ogre barely misses you.
Unknown command.
Casting: Sandblast (safe; 1% risk of failure)
Confirm with . or Enter, or press ? or * to list all spells.
Aiming: Sandblast (safe; 1% risk of failure)
Press: ? - help, Shift-Dir - straight line, f/p - ogre
Aim: an ogre, wielding a +0 giant spiked club (heavily wounded, 92% to hit)
The blast of sand hits the ogre!
The ogre is almost dead.
The ogre hits you with a +0 giant spiked club!!
Ouch! That really hurt!
You die...

#.. .# #.# #..#.# #.#
########..#.# #.# +
#............ #.#
..#..........#########.#
..........................#
#...............###########
#.#.#.#.#O#.#...#......
#.........@...>........
#..#.#.#.#.#....#.#####
#...............#.####
#.#..####............#
##...# ##...........#
#....# #...........# #..#.#
#...........# ####''####
#...........# ##........##
#./.........#


You could see an ogre.

Vanquished Creatures
  A scorpion (D:4)
  4 gnolls (D:2)
  An adder (D:2)
  2 worms
  A dart slug (D:1)
  3 orcs
  6 endoplasms
  3 giant cockroaches
  6 hobgoblins
  4 quokkas
  5 ball pythons
  7 bats
  5 frilled lizards (D:2)
  2 goblins
  7 kobolds
  2 rats
59 creatures vanquished.

Vanquished Creatures (others)
  3 fungi (D:2)
  2 plants (D:2)
5 creatures vanquished.

Grand Total: 64 creatures vanquished

Notes
Turn   | Place    | Note
-------+----------+-------------------------------------------
     0 | D:1      | hikkokomori the Gargoyle Earth Elementalist began the quest
                  | for the Orb.
     0 | D:1      | Reached XP level 1. HP: 10/10 MP: 3/3
   332 | D:1      | Reached skill level 1 in Fighting
   332 | D:1      | Reached XP level 2. HP: 16/16 MP: 1/5
   420 | D:1      | Reached skill level 4 in Earth Magic
   759 | D:1      | You fall into a shaft and drop 1 floor!
   818 | D:3      | Noticed Terence
   833 | D:2      | Reached XP level 3. HP: 4/21 MP: 4/6
  1410 | D:2      | Reached XP level 4. HP: 27/27 MP: 0/7
  1415 | D:2      | Reached skill level 5 in Earth Magic
  1724 | D:2      | Found a faded altar of an unknown god.
  2141 | D:3      | Noticed Grinder
  2206 | D:4      | Learned a level 3 spell: Stone Arrow
  2306 | D:4      | Noticed an ogre
  2339 | D:4      | Noticed a scorpion
  2349 | D:4      | Killed a scorpion
  2350 | D:4      | Reached skill level 1 in Conjurations
  2350 | D:4      | Reached XP level 5. HP: 28/32 MP: 2/8
  2558 | D:4      | Mangled by an ogre

Illustrated notes

Levels and vault maps discovered:
D:1:      dpeg_arrival_round_b, layout_basic
D:2:      layout_loops_cross, shapermc_ecumenical_altar_mp_urbaneastern,
          minmay_box_of_dots
D:3:      layout_basic, hellmonk_ghost_happy_afterlife, uniq_jessica,
          uniq_grinder, uniq_terence
D:4:      kennysheep_big_flooded_room, layout_basic,
          grunt_temple_overflow_gold_and_silver, slow_altar_1,
          minmay_misc_feat_pillars

Skill      XL: |  1  2  3  4 |
---------------+-------------+-----
Fighting       | 1 2 3 |  3.5
Earth Magic    | 4 5 |  5.6
Conjurations   | 1 |  1.3
Dodging        | |  1.5
Stealth        | |  2.1
Spellcasting   | |  2.0
Transmutations | |  0.7

Action                   |  1- 3 |  4- 6 || total
-------------------------+-------+-------++-------
Melee: Unarmed           |     1 |       ||     1
       Scimitar          |     7 |       ||     7
       Whip              |    32 |    76 ||   108
       Quarterstaff      |       |     8 ||     8
       Punch             |       |     1 ||     1
 Cast: Sandblast         |    39 |    15 ||    54
  Use: Scroll            |       |     1 ||     1
 Stab: Sleeping          |     2 |     1 ||     3
Armor: Robe              |    17 |    33 ||    50
Dodge: Dodged            |    37 |    63 ||   100
